[Event "January 9 Late 2024"]
[Site "https://www.chess.com"]
[Date "2024.01.09"]
[Round "8"]
[White "Fareh, Youness"]
[Black "Piscicelli, Daniel Orlando"]
[Result "1-0"]
[Board "164"]
[TimeControl "180+1"]
[WhiteFideId "9000526"]
[BlackFideId "101958"]
[WhiteElo "2029"]
[BlackElo "2174"]
[WhiteTeam "MAR"]
[BlackTeam "ARG"]
[WhiteClock "0:01:20"]
[BlackClock "0:00:01"]

1. Nf3 Nf6 2. c4 g6 3. Nc3 d5 4. cxd5 Nxd5 5. d4 Bg7 6. g3 O-O 7. Bg2 Nxc3 8. bxc3 c5 9. e3 Nc6 10. O-O Bf5 11. Ba3 c4 12. Ne1 Qc7 13. e4 Bc8 14. Rb1 Rb8 15. Qe2 Re8 16. Qxc4 Be6 17. d5 Qa5 18. Bb4 Nxb4 19. cxb4 Bxd5 20. exd5 Qb6 21. Qc5 Qf6 22. Qxa7 b6 23. Qa3 Ra8 24. Qb3 Rad8 25. Nd3 Qf5 26. Nf4 Kh8 27. Rbd1 Qg4 28. Bf3 Qf5 29. Bg2 Qg4 30. Qf3 Qf5 31. Qe4 Qg4 32. h3 Qc8 33. Rc1 Qb7 34. a4 Rc8 35. Rxc8 Rxc8 36. d6 Qxe4 37. Bxe4 exd6 38. Rd1 Rd8 39. Nd5 Be5 40. Nxb6 Rb8 41. a5 Bd4 42. Rxd4 Kg7 43. Rxd6 Kh8 44. Rd7 Kg7 45. Bd5 Kh8 46. Rxf7 Kg8 47. b5 Kh8 48. Bc6 Rg8 49. Nd7 Rd8 50. Nf6 Rb8 51. Rxh7# 1-0

[Event "January 9 Late 2024"]
[Site "https://www.chess.com"]
[Date "2024.01.09"]
[Round "8"]
[White "Vila Dupla, Aurelio"]
[Black "Oliveira, Tiago Batista"]
[Result "1-0"]
[Board "165"]
[TimeControl "180+1"]
[WhiteFideId "2203383"]
[BlackFideId "2108291"]
[WhiteElo "2155"]
[BlackElo "2025"]
[WhiteTeam "ESP"]
[BlackTeam "BRA"]
[WhiteClock "0:00:18"]
[BlackClock "0:00:10"]

1. Nf3 Nf6 2. d4 g6 3. g3 Bg7 4. Bg2 O-O 5. O-O d5 6. c4 c6 7. cxd5 cxd5 8. Nc3 Nc6 9. Ne5 Bf5 10. Nxc6 bxc6 11. Na4 Qc8 12. b3 Bh3 13. Ba3 Bxg2 14. Kxg2 Re8 15. Rc1 e5 16. dxe5 Ng4 17. Qc2 Nxe5 18. Bb2 Bh6 19. e3 Ng4 20. Qc3 f6 21. Qxc6 Qf5 22. Qc2 Qh5 23. h3 Ne5 24. Qd1 Qf5 25. Qxd5+ Kh8 26. Bxe5 fxe5 27. Nc5 e4 28. Qxf5 gxf5 29. g4 f4 30. exf4 Bxf4 31. Rce1 e3 32. fxe3 Bxe3 33. Nd3 Bd2 34. Rxe8+ Rxe8 35. Rf2 Bc3 36. Nf4 Re1 37. Re2 Bd4 38. Rxe1 1-0

[Event "January 9 Late 2024"]
[Site "https://www.chess.com"]
[Date "2024.01.09"]
[Round "8"]
[White "Feliz Dotel, Dewar Bienvenido"]
[Black "Smirnov, Timofey"]
[Result "1-0"]
[Board "166"]
[TimeControl "180+1"]
[WhiteFideId "6402801"]
[BlackFideId "24176427"]
[WhiteElo "2153"]
[BlackElo "1991"]
[WhiteTeam "DOM"]
[BlackTeam "RUS"]
[WhiteClock "0:01:10"]
[BlackClock "0:00:46"]

1. Nf3 d5 2. g3 Bf5 3. Bg2 e6 4. O-O Nf6 5. c4 c6 6. Qb3 Qb6 7. d3 h6 8. Be3 Qc7 9. Nc3 Be7 10. cxd5 exd5 11. Rac1 Be6 12. Nb5 Qa5 13. Nbd4 O-O 14. Nxe6 fxe6 15. Qxb7 Nbd7 16. Qxc6 Qxa2 17. Qxe6+ Rf7 18. Bd4 Re8 19. Ra1 Qb3 20. Bxf6 Nxf6 21. Ne5 Rf8 22. Nxf7 Rxf7 23. Rxa7 Qxb2 1-0

[Event "January 9 Late 2024"]
[Site "https://www.chess.com"]
[Date "2024.01.09"]
[Round "8"]
[White "Michalski, Olaf"]
[Black "Vargas, Mauricio"]
[Result "1-0"]
[Board "167"]
[TimeControl "180+1"]
[WhiteFideId "1106740"]
[BlackFideId "4404572"]
[WhiteElo "2146"]
[BlackElo "1851"]
[WhiteTeam "POL"]
[BlackTeam "COL"]
[WhiteClock "0:00:26"]
[BlackClock "0:01:28"]

1. d4 d5 2. c4 e6 3. Nc3 c6 4. e4 dxc4 5. Bxc4 Bb4 6. Nf3 h6 7. O-O Nf6 8. e5 Bxc3 9. bxc3 Nd5 10. Qd3 O-O 11. a4 Qe7 12. Ba3 Qe8 13. Bxf8 Qxf8 14. Nd2 c5 15. Ne4 cxd4 16. cxd4 Bd7 17. Bxd5 exd5 18. Nd6 Bc6 19. a5 Na6 20. Rfe1 Rd8 21. Re3 Nb4 22. Qf5 g6 23. Qb1 Na6 24. Rf3 Rd7 25. Rf6 Rd8 26. Rxf7 Qxf7 27. Nxf7 Kxf7 28. Ra3 Nc7 29. Rf3+ Kg7 30. Rf6 Nb5 31. Qxg6+ Kh8 32. Qxh6+ Kg8 33. Qg5+ Kh7 34. Rh6# 1-0

[Event "January 9 Late 2024"]
[Site "https://www.chess.com"]
[Date "2024.01.09"]
[Round "8"]
[White "Guzman Lozano, Campo Elias"]
[Black "Ivanov, Aleksandr"]
[Result "1/2-1/2"]
[Board "168"]
[TimeControl "180+1"]
[WhiteFideId "4403746"]
[BlackFideId "2092980"]
[WhiteElo "2163"]
[BlackElo "2141"]
[WhiteTeam "COL"]
[BlackTeam "USA"]
[WhiteClock "0:01:02"]
[BlackClock "0:00:18"]

1. Nc3 d5 2. d4 e6 3. Bf4 Bd6 4. e3 Nf6 5. Nf3 O-O 6. Be2 b6 7. O-O Bb7 8. Ne5 Nc6 9. Nxc6 Bxc6 10. Bxd6 Qxd6 11. f4 Bb7 12. Rf3 a5 13. Rh3 Ba6 14. Bd3 Bxd3 15. Qxd3 c5 16. g4 cxd4 17. g5 Ne4 18. Nxe4 dxe4 19. Qxe4 g6 20. exd4 Rfd8 21. Rd3 Rac8 22. c3 Qd5 23. Qxd5 exd5 24. a4 Re8 25. Kf2 Re4 26. Kf3 Rce8 27. b4 Re2 28. bxa5 bxa5 29. Rb1 Rxh2 30. Kg3 Ra2 31. Rb5 Rxa4 32. Rxd5 Rc4 33. f5 gxf5 34. Rxf5 Rec8 35. Kf4 a4 36. Ra5 Rxc3 37. Rxc3 Rxc3 38. Rxa4 Kg7 39. Ra6 Rc1 40. d5 Rd1 41. Ke5 Kf8 42. d6 Ke8 43. Ra8+ Kd7 44. Ra7+ Ke8 45. Re7+ Kf8 46. Ra7 Ke8 47. Re7+ Kf8 48. Ra7 Ke8 1/2-1/2

[Event "January 9 Late 2024"]
[Site "https://www.chess.com"]
[Date "2024.01.09"]
[Round "9"]
[White "Bortnyk, Olexandr"]
[Black "Nakamura, Hikaru"]
[Result "0-1"]
[Board "1"]
[TimeControl "180+1"]
[WhiteFideId "14120828"]
[BlackFideId "2016192"]
[WhiteElo "3121"]
[BlackElo "3208"]
[WhiteTeam "UKR"]
[BlackTeam "USA"]
[WhiteClock "0:00:00"]
[BlackClock "0:00:05"]

1. e4 c6 2. d4 d5 3. Nc3 dxe4 4. Nxe4 Nf6 5. Nxf6+ exf6 6. c3 Bd6 7. Bd3 O-O 8. Qc2 h5 9. Ne2 Re8 10. O-O Nd7 11. Nf4 h4 12. Qd1 Nf8 13. Qh5 Qc7 14. g3 hxg3 15. hxg3 Qd7 16. f3 Bxf4 17. Bxf4 Qd5 18. Qxd5 cxd5 19. g4 Bd7 20. Kf2 a6 21. a4 g5 22. Bg3 Ng6 23. a5 Bb5 24. Bxb5 axb5 25. Ra3 Re6 26. Re1 Kf8 27. Rxe6 fxe6 28. Bc7 Ke8 29. Ra1 Kd7 30. Bg3 Kc6 31. b4 Kd7 32. Rh1 Rh8 33. Ra1 Rc8 34. Ra3 Rc6 35. Ke3 f5 36. Be5 Nxe5 37. dxe5 fxg4 38. fxg4 Rc4 39. Kd3 Rxg4 40. a6 bxa6 41. Rxa6 Re4 42. Rd6+ Ke7 43. Rb6 Rxe5 44. Rxb5 g4 45. Rb7+ Kf6 46. Rb8 Re1 47. b5 g3 48. Rg8 Rb1 49. Rxg3 Rxb5 50. Rf3+ Ke5 51. Re3+ Kd6 52. Rh3 Ra5 53. Rh6 Ra4 54. Rg6 Rh4 55. Kd2 Ke5 56. Rg2 Rh3 57. Re2+ Kd6 58. Rg2 Kc5 59. Re2 Kd6 60. Rg2 e5 61. Rg6+ Kc5 62. Rg8 Rh2+ 63. Ke3 Rh3+ 64. Kd2 e4 65. Rc8+ Kd6 66. Rd8+ Ke6 67. Re8+ Kd7 68. Re5 Rd3+ 69. Kc2 Kd6 70. Re8 Rg3 71. Kd2 Kc5 72. Rc8+ Kb5 73. Rd8 Kc6 74. Re8 Kd7 75. Re5 Kd6 76. Re8 Rg2+ 77. Ke3 Rc2 78. Rc8 Kd7 79. Rc5 Kd6 80. Rc8 Rc1 81. Rd8+ Ke6 82. Rc8 Kd7 83. Rc5 Kd6 84. Rc8 Rd1 85. c4 Rd3+ 86. Kf4 Rf3+ 87. Kg4 d4 88. Re8 Kc5 89. Rxe4 Rf8 90. Re7 Kxc4 91. Rc7+ Kd3 92. Kg3 Kd2 93. Ra7 d3 94. Kg2 Ke2 95. Re7+ Kd1 96. Ra7 d2 97. Kg1 Rf4 98. Kg2 Kc2 99. Ra2+ Kd3 100. Ra1 Ke2 101. Ra2 Ke1 102. Kg3 Rd4 0-1

[Event "January 9 Late 2024"]
[Site "https://www.chess.com"]
[Date "2024.01.09"]
[Round "9"]
[White "Andreikin, Dmitry"]
[Black "Sevian, Samuel"]
[Result "0-1"]
[Board "2"]
[TimeControl "180+1"]
[WhiteFideId "4158814"]
[BlackFideId "2040506"]
[WhiteElo "3108"]
[BlackElo "3153"]
[WhiteTeam "FID"]
[BlackTeam "USA"]
[WhiteClock "0:00:00"]
[BlackClock "0:00:09"]

1. e4 e5 2. Nf3 Nc6 3. Bb5 a6 4. Ba4 Nf6 5. O-O Nxe4 6. d4 b5 7. Bb3 d5 8. dxe5 Be6 9. Qe2 Be7 10. Rd1 O-O 11. c4 bxc4 12. Bxc4 Bc5 13. Be3 Bxe3 14. Qxe3 Qb8 15. Bb3 Na5 16. Nbd2 Qa7 17. Qxa7 Rxa7 18. Rac1 c5 19. Nxe4 Nxb3 20. axb3 dxe4 21. Nd2 e3 22. fxe3 Rd7 23. Ne4 Rxd1+ 24. Rxd1 Bxb3 25. Rd6 Re8 26. Nxc5 Bc4 27. b3 Bb5 28. Nxa6 Bxa6 29. Rxa6 Kf8 30. e6 Rb8 31. Ra3 fxe6 32. Kf2 Ke7 33. Ke2 Kf6 34. Kd3 Rd8+ 35. Kc3 Rc8+ 36. Kb2 Rd8 37. Kc3 Rc8+ 38. Kd4 Rd8+ 39. Kc5 Rc8+ 40. Kb6 Rc3 41. e4 Re3 42. Kc5 Ke5 43. Ra7 Rxb3 44. Rxg7 h6 45. Rg6 Rb2 46. h4 h5 47. g4 Rc2+ 48. Kb4 Rh2 49. gxh5 Rxh4 50. h6 Kxe4 51. Kc5 Kf5 52. Rg1 Rxh6 53. Kd4 e5+ 54. Ke3 Rh3+ 55. Ke2 Kf4 56. Rf1+ Ke4 57. Ra1 Rh2+ 58. Kf1 Rh1+ 59. Ke2 Rxa1 0-1

[Event "January 9 Late 2024"]
[Site "https://www.chess.com"]
[Date "2024.01.09"]
[Round "9"]
[White "Nepomniachtchi, Ian"]
[Black "Xiong, Jeffery"]
[Result "1-0"]
[Board "3"]
[TimeControl "180+1"]
[WhiteFideId "4168119"]
[BlackFideId "2047640"]
[WhiteElo "3137"]
[BlackElo "3037"]
[WhiteTeam "RUS"]
[BlackTeam "USA"]
[WhiteClock "0:00:50"]
[BlackClock "0:00:18"]

1. e4 e5 2. f4 d5 3. exd5 exf4 4. Nf3 Nf6 5. Bb5+ c6 6. dxc6 bxc6 7. Bc4 Bd6 8. d4 O-O 9. O-O Bg4 10. Nc3 Nbd7 11. Ne2 Nb6 12. Bb3 Nbd5 13. c4 Ne3 14. Bxe3 fxe3 15. Qd3 Qe7 16. Rae1 Rae8 17. c5 Bc7 18. Ng3 g6 19. Ne5 Bxe5 20. Qxe3 Bd6 21. Qc3 Qd8 22. cxd6 Qxd6 23. Re5 Rd8 24. h3 Bc8 25. Qe3 Kg7 26. Rf4 Nd5 27. Bxd5 cxd5 28. Rh4 Rh8 29. Qh6+ Kg8 30. Nh5 gxh5 31. Re8+ Rxe8 32. Qxd6 1-0

[Event "January 9 Late 2024"]
[Site "https://www.chess.com"]
[Date "2024.01.09"]
[Round "9"]
[White "Zhigalko, Sergei"]
[Black "Dubov, Daniil"]
[Result "0-1"]
[Board "4"]
[TimeControl "180+1"]
[WhiteFideId "13502956"]
[BlackFideId "24126055"]
[WhiteElo "2953"]
[BlackElo "3134"]
[WhiteTeam "BLR"]
[BlackTeam "RUS"]
[WhiteClock "0:00:00"]
[BlackClock "0:00:40"]

1. e4 e5 2. Nf3 Nc6 3. Bc4 Nf6 4. d3 Be7 5. O-O O-O 6. Re1 d6 7. c3 Na5 8. Bb5 a6 9. Ba4 c5 10. Nbd2 b5 11. Bc2 Bb7 12. Nf1 Re8 13. h3 h6 14. Ng3 Bf8 15. b4 cxb4 16. cxb4 Nc6 17. a3 d5 18. exd5 Nxd5 19. Bb2 Nf4 20. Rc1 Rc8 21. Bb1 Qd7 22. d4 Nxd4 23. Nxe5 Rxc1 24. Bxc1 Nde2+ 25. Nxe2 Qxd1 26. Rxd1 Nxe2+ 27. Kf1 Nc3 28. Re1 Nxb1 29. Bb2 Nd2+ 30. Kg1 Nc4 0-1

[Event "January 9 Late 2024"]
[Site "https://www.chess.com"]
[Date "2024.01.09"]
[Round "9"]
[White "Aronian, Levon"]
[Black "Tabatabaei, M. Amin"]
[Result "1-0"]
[Board "5"]
[TimeControl "180+1"]
[WhiteFideId "13300474"]
[BlackFideId "12521213"]
[WhiteElo "3111"]
[BlackElo "3105"]
[WhiteTeam "USA"]
[BlackTeam "IRI"]
[WhiteClock "0:00:29"]
[BlackClock "0:00:03"]

1. e4 c6 2. d4 d5 3. e5 Bf5 4. h4 h5 5. c4 e6 6. Nc3 Ne7 7. Nge2 Nd7 8. Ng3 Bg6 9. Bg5 Qb6 10. Rc1 f6 11. exf6 gxf6 12. Be3 O-O-O 13. cxd5 Nxd5 14. Nxd5 exd5 15. Bd3 Qb4+ 16. Rc3 Bxd3 17. Qxd3 Bd6 18. Nf5 Bc7 19. O-O Nb6 20. b3 Kb8 21. Bd2 Qf8 22. Re1 Rg8 23. Qe2 Nc8 24. Qxh5 Nd6 25. Bf4 Nxf5 26. Bxc7+ Kxc7 27. Qxf5 Kb8 28. Qf4+ Ka8 29. Rg3 Rh8 30. Rh3 Qb4 31. Re2 Qb5 32. Rhe3 a6 33. Qxf6 Rdf8 34. Qd6 Qb6 35. Qc5 Qc7 36. Re7 Qf4 37. g3 Qf6 38. Qb6 Rb8 39. R2e6 Qf8 40. Qc7 Rg8 41. Rxc6 Qxe7 42. Rxa6+ bxa6 43. Qxe7 Rge8 44. Qd6 Ka7 45. h5 Rbd8 46. Qc7+ Ka8 47. Qb6 Rh8 48. h6 Rc8 49. Qxa6+ Kb8 50. Qd6+ Ka8 51. g4 Ka7 52. g5 Rcg8 53. f4 Kb7 54. Kf2 Kc8 55. Kf3 Kb7 56. a4 Rd8 57. Qe7+ Kc8 58. a5 Rd7 59. Qe6 Kc7 60. Qe5+ 1-0

[Event "January 9 Late 2024"]
[Site "https://www.chess.com"]
[Date "2024.01.09"]
[Round "9"]
[White "Pranav, V"]
[Black "Bluebaum, Matthias"]
[Result "1-0"]
[Board "6"]
[TimeControl "180+1"]
[WhiteFideId "25060783"]
[BlackFideId "24651516"]
[WhiteElo "3043"]
[BlackElo "3081"]
[WhiteTeam "IND"]
[BlackTeam "GER"]
[WhiteClock "0:00:29"]
[BlackClock "0:00:14"]

1. e4 e6 2. d3 d5 3. Nd2 Nf6 4. Ngf3 Be7 5. g3 a5 6. Bg2 a4 7. O-O c5 8. Re1 Nc6 9. a3 h6 10. e5 Nh7 11. Nf1 O-O 12. h4 f5 13. c4 d4 14. N3h2 Qd7 15. Rb1 b6 16. b3 axb3 17. Rxb3 Bd8 18. f4 Bb7 19. Rb1 Na5 20. Bxb7 Qxb7 21. Nf3 Bc7 22. Kf2 Nc6 23. h5 Ra6 24. Nh4 Ne7 25. Nd2 Rfa8 26. Ndf3 Qc6 27. Nd2 Qe8 28. Rh1 Qf7 29. Qf3 R6a7 30. Ke2 Rf8 31. Bb2 Qe8 32. Rbg1 Qc6 33. Qxc6 Nxc6 34. g4 fxg4 35. Rxg4 Bd8 36. Ng6 Rf5 37. Ne4 Be7 38. Bc1 Rf7 39. Rf1 Nf8 40. Nxf8 Bxf8 41. Rg6 Nd8 42. Rfg1 Kh7 43. Kf3 Rf5 44. Ng3 Rff7 45. Ke4 Rab7 46. f5 exf5+ 47. Nxf5 b5 48. cxb5 Rxb5 49. e6 Rxf5 50. Kxf5 c4+ 51. Ke4 cxd3 52. e7 Bxe7 53. Rxg7+ Kh8 54. Rg8+ Kh7 55. R1g7# 1-0

[Event "January 9 Late 2024"]
[Site "https://www.chess.com"]
[Date "2024.01.09"]
[Round "9"]
[White "Caruana, Fabiano"]
[Black "Oparin, Grigoriy"]
[Result "1/2-1/2"]
[Board "7"]
[TimeControl "180+1"]
[WhiteFideId "2020009"]
[BlackFideId "24125890"]
[WhiteElo "3025"]
[BlackElo "3066"]
[WhiteTeam "USA"]
[BlackTeam "USA"]
[WhiteClock "0:00:19"]
[BlackClock "0:00:51"]

1. d4 Nf6 2. c4 e6 3. Nf3 b6 4. g3 Ba6 5. Nbd2 c5 6. Bg2 Bb7 7. dxc5 bxc5 8. O-O Be7 9. b3 O-O 10. Bb2 Qc7 11. Qc2 d6 12. Rad1 Nc6 13. a3 h6 14. Nb1 Rfd8 15. Nc3 a6 16. e3 Rab8 17. Ba1 Ba8 18. Rb1 Nd7 19. Ne2 Bf6 20. Bxf6 Nxf6 21. Rfd1 Rb6 22. Nc3 Ne7 23. Ne1 Bxg2 24. Nxg2 Rdb8 25. Nf4 Nc6 26. Na4 R6b7 27. Nd3 Na5 28. b4 cxb4 29. Rxb4 Rxb4 30. Nxb4 Qxc4 31. Rxd6 Ne4 32. Qxc4 Nxc4 33. Rd4 Ned6 34. Nxa6 Rb1+ 35. Kg2 Ra1 36. N4c5 Rxa3 37. Nb4 Ra5 38. Ncd3 e5 39. Rd5 Rxd5 40. Nxd5 1/2-1/2

[Event "January 9 Late 2024"]
[Site "https://www.chess.com"]
[Date "2024.01.09"]
[Round "9"]
[White "Grischuk, Alexander"]
[Black "Hakobyan, Aram"]
[Result "0-1"]
[Board "8"]
[TimeControl "180+1"]
[WhiteFideId "4126025"]
[BlackFideId "13306677"]
[WhiteElo "3058"]
[BlackElo "3017"]
[WhiteTeam "RUS"]
[BlackTeam "ARM"]
[WhiteClock "0:00:00"]
[BlackClock "0:00:05"]

1. d4 Nf6 2. c4 c5 3. d5 g6 4. Nc3 Bg7 5. e4 d6 6. Nf3 O-O 7. h3 e6 8. Bd3 exd5 9. cxd5 b5 10. O-O a6 11. a3 Nbd7 12. Bf4 c4 13. Bc2 Nc5 14. Re1 Re8 15. Nd4 Bb7 16. Qd2 Qb6 17. Rad1 Nd3 18. Bxd3 Qxd4 19. Bc2 Qxd2 20. Rxd2 Rad8 21. Kf1 h6 22. Be3 Nd7 23. Bd4 Bxd4 24. Rxd4 g5 25. g3 Re7 26. f4 Rde8 27. Rdd1 f6 28. Kf2 Nc5 29. h4 g4 30. h5 Bc8 31. f5 Bd7 32. Rh1 a5 33. Rh4 Rg7 34. Rd4 b4 35. Nd1 Bb5 36. Ne3 Kf8 37. Nxg4 b3 38. Bb1 Ke7 39. Ne3 c3 40. bxc3 a4 41. g4 Bd7 42. Rh1 Rc8 43. Kf3 Nb7 44. Rb4 Na5 45. c4 Rc5 46. Bd3 Rg8 47. Ke2 Rgc8 48. Kd2 R5c7 49. Kc3 Nb7 50. Kd4 Nc5 51. Bb1 Rg8 52. Rb6 Ra7 53. Rf1 Rg5 54. Rf4 Rg8 55. Nd1 Bc8 56. Nf2 Nd7 57. Rb4 Ne5 58. Bd3 Bd7 59. Rb6 Rc7 0-1

[Event "January 9 Late 2024"]
[Site "https://www.chess.com"]
[Date "2024.01.09"]
[Round "9"]
[White "Van Foreest, Jorden"]
[Black "Yoo, Christopher Woojin"]
[Result "1-0"]
[Board "9"]
[TimeControl "180+1"]
[WhiteFideId "1039784"]
[BlackFideId "30909694"]
[WhiteElo "3044"]
[BlackElo "2988"]
[WhiteTeam "NED"]
[BlackTeam "USA"]
[WhiteClock "0:00:24"]
[BlackClock "0:00:00"]

1. e4 c5 2. Nf3 d6 3. Nc3 Nf6 4. Be2 Nc6 5. d4 cxd4 6. Nxd4 e5 7. Nf3 Be7 8. O-O O-O 9. Re1 Be6 10. Bg5 Rc8 11. Bxf6 Bxf6 12. a3 Ne7 13. Bf1 d5 14. exd5 Nxd5 15. Ne4 Nf4 16. g3 Nh3+ 17. Bxh3 Bxh3 18. c3 Qxd1 19. Raxd1 Rfd8 20. Rd2 Rxd2 21. Nexd2 Rd8 22. Nc4 b5 23. Ncxe5 h5 24. Nd4 a5 25. f4 b4 26. Nec6 Rd6 27. Re8+ Kh7 28. Ne5 bxc3 29. bxc3 Bxe5 30. Rxe5 g6 31. Rxa5 Rb6 32. Rb5 Ra6 33. Rb3 Kg7 34. Kf2 Ra4 35. Ke3 Bc8 36. Nb5 Be6 37. Rb4 Ra5 38. a4 Bd7 39. c4 Kf6 40. Kd4 Ke7 41. Nc3 Ra7 42. Nd5+ Kf8 43. Nb6 Be8 44. c5 Bc6 45. Ke5 Re7+ 46. Kd6 Bb7 47. Nd7+ Ke8 48. Rxb7 1-0

[Event "January 9 Late 2024"]
[Site "https://www.chess.com"]
[Date "2024.01.09"]
[Round "9"]
[White "Naroditsky, Daniel"]
[Black "Chigaev, Maksim"]
[Result "1/2-1/2"]
[Board "10"]
[TimeControl "180+1"]
[WhiteFideId "2026961"]
[BlackFideId "4108116"]
[WhiteElo "3140"]
[BlackElo "2989"]
[WhiteTeam "USA"]
[BlackTeam "ESP"]
[WhiteClock "0:00:05"]
[BlackClock "0:00:05"]

1. e4 e5 2. Nf3 Nc6 3. Nc3 Nf6 4. g3 Bc5 5. Bg2 d6 6. d3 a5 7. O-O h6 8. h3 O-O 9. Be3 Re8 10. d4 Bb4 11. dxe5 Bxc3 12. exf6 Bxf6 13. Nd4 Nxd4 14. Bxd4 Bd7 15. Re1 Bc6 16. Qd2 Bxd4 17. Qxd4 Qg5 18. Rad1 Qe5 19. c3 a4 20. a3 b6 21. Qe3 Qc5 22. Rd4 Re7 23. Qd3 Rae8 24. Re3 Bb5 25. Qd2 Bc4 26. Qc2 b5 27. h4 d5 28. Qd2 dxe4 29. Rdxe4 Rxe4 30. Bxe4 Qd6 31. Qxd6 cxd6 32. Bh7+ Kf8 33. Rxe8+ Kxe8 34. Bc2 Kd7 35. f3 Kc6 36. Kf2 Kc5 37. Ke3 f6 38. Bg6 Be6 39. Bd3 g5 40. hxg5 hxg5 41. f4 Bd7 42. Be2 Be6 43. Ke4 Bd7 44. Ke3 Be6 45. Bd3 Bd7 46. Bg6 Be6 47. Be8 Bg4 48. Kd3 Bf5+ 49. Ke3 Be6 50. Bg6 Bd7 51. Bf7 Bf5 52. Kf3 d5 53. Ke3 Bd7 54. Bg6 Bc6 55. Bd3 Bd7 56. Be2 Be6 57. Bf3 Bd7 58. Bh5 Kc4 59. Bd1 Kc5 60. Be2 Be6 61. Bd3 Bd7 62. fxg5 fxg5 63. Be2 Be6 64. Bd3 Bd7 65. Bg6 Be6 66. Bd3 Bd7 1/2-1/2

[Event "January 9 Late 2024"]
[Site "https://www.chess.com"]
[Date "2024.01.09"]
[Round "9"]
[White "Sarana, Alexey"]
[Black "Melkumyan, Hrant"]
[Result "1-0"]
[Board "11"]
[TimeControl "180+1"]
[WhiteFideId "24133795"]
[BlackFideId "13302485"]
[WhiteElo "3043"]
[BlackElo "2897"]
[WhiteTeam "SRB"]
[BlackTeam "ARM"]
[WhiteClock "0:00:53"]
[BlackClock "0:00:10"]

1. d4 d5 2. c4 e6 3. Nc3 Be7 4. cxd5 exd5 5. Bf4 Nf6 6. e3 O-O 7. Bd3 Bg4 8. Nge2 c6 9. Qc2 Bh5 10. Ng3 Bg6 11. h4 Na6 12. a3 Nc7 13. h5 Bxd3 14. Qxd3 Ne6 15. Be5 c5 16. Nf5 cxd4 17. exd4 Ng4 18. Nxd5 Bg5 19. Qe4 Nxe5 20. dxe5 Nc5 21. Qc4 Nd7 22. f4 Rc8 23. Qd4 Nb6 24. fxg5 Qxg5 25. Nde7+ Kh8 26. O-O Rcd8 27. Qf4 Qxh5 28. Nxg7 1-0

[Event "January 9 Late 2024"]
[Site "https://www.chess.com"]
[Date "2024.01.09"]
[Round "9"]
[White "Santos Latasa, Jaime"]
[Black "Fedoseev, Vladimir"]
[Result "0-1"]
[Board "12"]
[TimeControl "180+1"]
[WhiteFideId "2293307"]
[BlackFideId "24130737"]
[WhiteElo "2888"]
[BlackElo "3040"]
[WhiteTeam "ESP"]
[BlackTeam "SLO"]
[WhiteClock "0:00:01"]
[BlackClock "0:00:41"]

1. Nf3 Nf6 2. c4 c6 3. d4 d5 4. e3 e6 5. b3 b6 6. Bb2 Bb7 7. Nbd2 Nbd7 8. Bd3 Be7 9. O-O O-O 10. Qe2 h6 11. Rfd1 Qc7 12. Rac1 Rad8 13. cxd5 Nxd5 14. Nc4 c5 15. Bb1 N5f6 16. e4 Qf4 17. Re1 cxd4 18. Bxd4 Bb4 19. Ncd2 Bc5 20. g3 Qg4 21. Bxc5 Nxc5 22. Ne5 Qxe2 23. Rxe2 Rc8 24. Ree1 Rfd8 25. Rc2 Nfxe4 26. Nxe4 Bxe4 27. Rxe4 Nxe4 28. Rxc8 Rxc8 29. Bxe4 Rc1+ 30. Kg2 Re1 31. f3 Re2+ 32. Kf1 Rxa2 33. h4 Rb2 34. Nc6 a5 35. Bd3 Rxb3 36. Ke2 a4 37. Bc4 Rc3 0-1

[Event "January 9 Late 2024"]
[Site "https://www.chess.com"]
[Date "2024.01.09"]
[Round "9"]
[White "Iturrizaga Bonelli, Eduardo"]
[Black "Beerdsen, Thomas"]
[Result "1-0"]
[Board "13"]
[TimeControl "180+1"]
[WhiteFideId "3901211"]
[BlackFideId "1030108"]
[WhiteElo "3038"]
[BlackElo "2859"]
[WhiteTeam "ESP"]
[BlackTeam "NED"]
[WhiteClock "0:00:17"]
[BlackClock "0:01:22"]

1. c4 e5 2. g3 h5 3. Nf3 e4 4. Nh4 c6 5. Nc3 d5 6. cxd5 g5 7. Ng2 cxd5 8. d3 exd3 9. Qxd3 Be6 10. h4 d4 11. Ne4 Bb4+ 12. Bd2 Bxd2+ 13. Qxd2 gxh4 14. Rxh4 Nc6 15. Nf4 Nf6 16. Nxe6 fxe6 17. Bh3 Qe7 18. Ng5 O-O-O 19. Nxe6 Rd6 20. Nf8+ Kb8 21. Ng6 Qg7 22. Nxh8 Qxh8 23. Bg2 d3 24. Bxc6 Rxc6 25. Qxd3 a6 26. Rd1 Qg7 27. Rd4 Re6 28. Rd8+ Ka7 29. Rd6 Rxd6 30. Qxd6 Qf7 31. Qd4+ Ka8 32. Qe5 Qf8 33. Rd6 Ng4 34. Qd4 1-0

[Event "January 9 Late 2024"]
[Site "https://www.chess.com"]
[Date "2024.01.09"]
[Round "9"]
[White "Theodorou, Nikolas"]
[Black "Ibarra Jerez, Jose Carlos"]
[Result "0-1"]
[Board "14"]
[TimeControl "180+1"]
[WhiteFideId "4262875"]
[BlackFideId "2226332"]
[WhiteElo "3033"]
[BlackElo "2920"]
[WhiteTeam "GRE"]
[BlackTeam "ESP"]
[WhiteClock "0:00:00"]
[BlackClock "0:00:10"]

1. Nf3 d6 2. b3 e5 3. c4 f5 4. Bb2 Nf6 5. Nc3 Be7 6. g3 O-O 7. Bg2 c5 8. d3 Nc6 9. O-O a6 10. e3 Qe8 11. Nd2 Rb8 12. f4 Kh8 13. Nd5 Bd8 14. Qe2 exf4 15. Rxf4 Ne5 16. d4 Ng6 17. Rf2 Ng4 18. Rff1 cxd4 19. Bxd4 b5 20. Rae1 Bb7 21. e4 bxc4 22. exf5 Qxe2 23. Rxe2 N6e5 24. Nxc4 Nxc4 25. bxc4 Bxd5 26. Bxd5 Bb6 27. Bxb6 Rxb6 28. Rfe1 Nf6 29. Be6 h5 30. Rd2 Rfb8 31. Kg2 Kh7 32. Bf7 Kh6 33. Re6 Rb2 34. Rxd6 h4 35. gxh4 R8b7 36. Rxb2 Rxb2+ 37. Kf3 Rxa2 38. c5 Rc2 39. c6 a5 40. Ke3 a4 41. Kd3 Rc1 42. Bc4 Rd1+ 0-1

[Event "January 9 Late 2024"]
[Site "https://www.chess.com"]
[Date "2024.01.09"]
[Round "9"]
[White "Maksimovic, Bojan"]
[Black "Paravyan, David"]
[Result "1-0"]
[Board "15"]
[TimeControl "180+1"]
[WhiteFideId "14408120"]
[BlackFideId "4194985"]
[WhiteElo "2853"]
[BlackElo "3014"]
[WhiteTeam "BIH"]
[BlackTeam "FID"]
[WhiteClock "0:00:04"]
[BlackClock "0:00:01"]

1. a3 d5 2. h3 e5 3. e3 Nf6 4. d4 exd4 5. exd4 Bd6 6. Bd3 O-O 7. Ne2 Re8 8. Nc3 b6 9. O-O c5 10. Bb5 Bd7 11. Bg5 Bxb5 12. Nxb5 h6 13. Bxf6 Qxf6 14. dxc5 Bxc5 15. Nc7 Nc6 16. Nxa8 Rxa8 17. Qxd5 Re8 18. Ng3 Ne5 19. Ne4 Nf3+ 20. gxf3 Qxf3 21. Nc3 Qxh3 22. Qg2 Qf5 23. Rae1 Rc8 24. Re2 Bd4 25. Nd5 Qh5 26. Rfe1 Rc5 27. Re8+ Kh7 28. Qe4+ f5 29. Qxd4 Qg5+ 30. Kf1 Qh5 31. Nf4 Qh1+ 32. Ke2 Rxc2+ 33. Kd3 Qc6 34. Ne2 Rc5 35. Nc3 b5 36. R1e7 Qf3+ 37. Kd2 Qg2 38. Qxc5 Qg5+ 39. Qe3 f4 40. Qe5 Qh4 41. Qxg7# 1-0

[Event "January 9 Late 2024"]
[Site "https://www.chess.com"]
[Date "2024.01.09"]
[Round "9"]
[White "Schroeder, Jan-Christian"]
[Black "Martinez Alcantara, Jose Eduardo"]
[Result "1-0"]
[Board "16"]
[TimeControl "180+1"]
[WhiteFideId "24662259"]
[BlackFideId "3805662"]
[WhiteElo "2851"]
[BlackElo "3009"]
[WhiteTeam "GER"]
[BlackTeam "PER"]
[WhiteClock "0:00:25"]
[BlackClock "0:00:10"]

1. e4 c5 2. Nf3 d6 3. d4 cxd4 4. Nxd4 a6 5. Nc3 e6 6. Be3 Nf6 7. f4 b5 8. Bd3 Bb7 9. a3 Nbd7 10. Qf3 Nc5 11. O-O Be7 12. Kh1 O-O 13. b4 Nxd3 14. cxd3 Rc8 15. Nce2 Qd7 16. Qh3 Rfe8 17. Rf3 g6 18. Rg3 Bf8 19. Qh4 Bg7 20. Rf1 Qd8 21. Rh3 h5 22. f5 Ng4 23. Bg5 Qd7 24. f6 e5 25. fxg7 exd4 26. Nxd4 d5 27. e5 Rxe5 28. Rhf3 Qd6 29. Bf4 Qe7 30. Qg3 Re2 31. h3 f5 32. hxg4 hxg4 33. Re3 Rxe3 34. Qxe3 Qxe3 35. Bxe3 Kxg7 36. Rc1 Re8 37. Bg5 Bc8 38. Rc7+ Kg8 39. Kh2 Kf8 40. Kg3 Kg8 41. Kf4 Be6 42. Bf6 Bf7 43. Nc6 Re2 44. Ne5 Be8 45. Re7 Kf8 46. Nxg6+ Bxg6 47. Rxe2 Kf7 48. Kg5 f4 49. Re7+ Kf8 50. Kxg6 f3 51. gxf3 g3 52. Rd7 g2 53. Rd8# 1-0